Map: Stasis LE

Players

Yocto - Winner!

  • Race: Zerg Zerg
  • Spawn Location: 11:00

capslock

  • Race: Terran Terran
  • Spawn Location: 1:00

VOD

Have the link to the VOD?

Description

Time

  • Played on: Dec. 18, 2018, 10:15 a.m.
  • Length: 10:45
Show
View Real Time Build Order
Export as new Build Order

Yocto Zerg - Winner!

Build Orders: Hatch First, Muta Ling Bane 

Get SALT Encoding   

  12  0:02  Drone  
  13  0:15  Overlord  
  13  0:28  Drone  
  14  0:42  Drone x3  
  17  1:19  Drone  
  17  1:20  Hatchery  
  17  1:22  Extractor  
  16  1:27  Spawning Pool  
  16  1:29  Drone x2  
  17  1:45  Drone x2  
  19  1:53  Overlord  
  19  2:03  Drone  
  20  2:17  Queen  
  20  2:22  Zergling x2  
  23  2:31  Zergling x2  
  23  2:33  Metabolic Boost  
  23  2:36  Drone x2  
  26  2:44  Drone  
  27  2:53  Drone  
  27  2:57  Hatchery  
  27  3:03  Queen  
  29  3:12  Queen  
  31  3:16  Drone x4  
  35  3:28  Overlord  
  35  3:30  Drone  
  36  3:39  Overlord  
  36  3:50  Baneling Nest  
  35  4:09  Drone x3  
  38  4:10  Drone x5  
  42  4:18  Queen  
  44  4:31  Extractor  
  43  4:39  Zergling x8  
  43  4:40  Overlord x3, Zergling x4  
  49  4:57  Overlord x4, Evolution Chamber  
  49  4:58  Evolution Chamber  
  46  5:09  Zergling x12  
  52  5:17  Queen  
  54  5:28  Drone x3  
  57  5:29  Extractor  
  57  5:30  Drone x2  
  57  5:31  Drone x2  
  57  5:35  Zerg Ground Armor Level 1, Zerg Melee Weapons Level 1  
  60  5:41  Drone x2  
  60  5:42  Drone  
  54  6:21  Queen  
  56  6:32  Drone x7  
  63  6:33  Drone x6  
  69  6:46  Drone x4  
  69  6:47  Drone x2  
  75  7:09  Lair  
  75  7:18  Drone x7  
  75  7:19  Drone x4  
  75  7:22  Baneling x6  
  86  7:23  Baneling x7  
  86  7:29  Extractor  
  85  7:44  Zergling x2  
  85  7:45  Hatchery, Zergling x22  
  96  8:04  Extractor  
  95  8:06  Extractor  
  94  8:20  Overlord x6  
  94  8:27  Spire  
  94  8:30  Centrifical Hooks  
  93  8:57  Zergling x16  
  93  8:58  Zergling x16  
  93  9:02  Queen  
  111  9:09  Overlord x5  
  111  9:10  Overlord  
  111  9:11  Zergling x2  
  111  9:12  Zergling x2  
  113  9:32  Extractor  
  113  9:34  Extractor  
  113  9:36  Infestation Pit  
  110  9:38  Baneling x2  
  110  9:39  Baneling x6  
  110  9:40  Baneling x2  
  110  9:46  Mutalisk x7  
  110  9:48  Mutalisk  
  126  10:02  Zergling x2  
  126  10:03  Zergling x18  
  136  10:11  Zergling x12  
  137  10:24  Zergling x2  
  137  10:25  Zergling x6  
Show
View Real Time Build Order
Export as new Build Order

capslock Terran 

Build Orders: Hellion Opening 

Get SALT Encoding   

  12  0:00  SCV  
  13  0:17  Supply Depot  
  13  0:22  SCV  
  14  0:32  Refinery  
  14  0:35  SCV  
  15  0:45  Barracks  
  15  0:52  SCV  
  16  1:04  SCV  
  17  1:16  SCV  
  18  1:28  SCV  
  19  1:36  Factory  
  19  1:46  Orbital Command  
  19  1:57  Barracks Reactor, Supply Depot  
  19  2:12  SCV  
  20  2:25  Command Center  
  20  2:27  SCV  
  21  2:47  Starport  
  21  2:49  SCV  
  22  2:54  Refinery  
  22  2:59  Hellion x2  
  22  3:00  Marine  
  27  3:10  SCV  
  28  3:20  Barracks Tech Lab  
  28  3:21  Hellion  
  30  3:30  Supply Depot  
  30  3:37  Hellion  
  30  3:39  Orbital Command  
  30  3:40  Medivac  
  34  3:49  Hellion  
  36  3:56  SCV  
  36  3:58  Hellion  
  39  4:11  Hellion  
  39  4:14  SCV  
  42  4:39  Hellion x2  
  42  4:42  SCV  
  42  4:44  Barracks, SCV  
  48  4:50  Supply Depot  
  48  5:17  Supply Depot, Stimpack  
  48  5:19  Hellion x2  
  48  5:20  SCV  
  53  5:33  Barracks  
  35  6:27  Supply Depot  
  35  6:28  Barracks Reactor  
  35  6:33  Barracks Reactor  
  35  6:39  Barracks  
  35  6:40  SCV  
  35  6:44  Viking  
  38  6:52  SCV  
  38  6:53  Supply Depot  
  39  6:55  Marine  
  39  6:56  Factory Tech Lab  
  40  7:04  SCV  
  40  7:05  SCV  
  42  7:12  Marine x2  
  42  7:13  Marine  
  42  7:14  Marine x2  
  47  7:16  SCV  
  47  7:17  SCV  
  49  7:28  SCV  
  51  7:30  Marine x3, SCV  
  51  7:31  Siege Tank  
  51  7:32  Marine x2  
  59  7:41  SCV  
  59  7:42  SCV  
  61  7:48  Marine x3  
  61  7:50  Marine x2  
  66  7:53  SCV  
  66  7:56  Combat Shield  
  66  7:57  Marine  
  66  7:58  Marine  
  69  8:03  Siege Tank  
  72  8:06  Marine x3  
  72  8:07  Marine  
  72  8:08  Marine  
  77  8:15  Marine  
  78  8:23  Marine  
  78  8:24  Marine x2  
  78  8:25  Marine  
  78  8:26  Marine  
  83  8:35  Siege Tank  
  86  8:43  Supply Depot  
  86  8:45  Supply Depot  
  86  8:47  Supply Depot  
  86  8:49  Supply Depot  
  86  9:05  Marine x7  
  86  9:07  Siege Tank  
  96  9:21  Supply Depot  
  96  9:22  Marine x4  
  96  9:23  Supply Depot  
  100  9:24  Supply Depot, Engineering Bay  
  100  9:26  Marine  
  100  9:31  Command Center  
  101  9:40  Marine x3, Siege Tank  
  101  9:42  Starport Reactor  
  101  9:43  Refinery  
  101  9:44  SCV  
  101  9:45  SCV  
  109  9:46  Marine  
  110  9:56  SCV  
  110  9:57  SCV  
  110  9:58  Marine x2  
  114  10:08  SCV  
  114  10:12  Siege Tank  
  118  10:16  Supply Depot  
  61  10:40  Starport  
  60  10:43  Fusion Core  
Tags
 
Composition
Muta Ling Bane
Matchup
TvZ
Replay Pack
Yocto
Spawn Locations
Close Positions
Add a new tag
Caveats
  • Supply blocks, unpowered buildings, or Contaminate may cause inaccurate times.
  • Supply counts are checked every 10 seconds.